 Dungeon Crawl Stone Soup version 0.23-b1 (webtiles) character file.

Game seed: 4252528325720185631

825612 Jerry the Slayer (level 27, -23/266 HPs)
             Began as a Demonspawn Gladiator on Jan 30, 2019.
             Was an Initiate of Gozag.
             Killed from afar by a Brimstone Fiend (38 damage)
             ... with damnation
             ... on level 7 of Gehenna.
             The game lasted 05:46:35 (75488 turns).

Jerry the Slayer (Demonspawn Gladiator)            Turns: 75488, Time: 05:46:35

Health: -23/266    AC: 38    Str: 25    XL:     27
Magic:  38/38      EV: 20    Int: 16    God:    Gozag
Gold:   6749       SH:  0    Dex: 11    Spells: 43/49 levels left

rFire    + + +     SeeInvis +   B - +9 triple sword (elec)
rCold    + + +     Gourm    .   (shield currently unavailable)
rNeg     + + +     Faith    .   q - +9 scales of the Dragon King {rPois rF+ rC+ MR+}
rPois    +         Spirit   .   N - -2 hat of the Alchemist {rElec rPois rF+ rC+ rN+ MR+ rMut rCorr}
rElec    +         Reflect  .   X - +2 cloak {MR+}
rCorr    +         Harm     .   o - +0 pair of gloves of the Okapi {rElec Str+4}
rMut     +                      (boots unavailable)
MR       +++++                  s - amulet of the Princess {Fragile rF+ rN+++ Regen+ Slay+5}
Stlth    ..........             U - ring of see invisible
HPRegen  0.94/turn              H - ring of protection from magic
MPRegen  0.26/turn

@: about to teleport, gold aura, hasted, repel missiles, very quick
A: hooves 3, repulsion field 3, blurry vision 1, clumsy 2, cold resistance 1,
foul stench 2, passive freeze, poison resistance, robust 1, screaming 1, spiny
3, rot immunity, freezing cloud immunity
}: 4/15 runes: decaying, serpentine, slimy, silver
a: Potion Petition, Call Merchant, Bribe Branch, Renounce Religion


You were on level 7 of Gehenna.
You worshipped Gozag.
Gozag was greatly pleased with you.
You were not hungry.

You visited 13 branches of the dungeon, and saw 63 of its levels.
You visited the Abyss 1 time.
You also visited: Sewer and Ice Cave.

You collected 40133 gold pieces.
You spent 12478 gold pieces at shops.
You paid 20906 gold pieces to Gozag.

Inventory:

Hand Weapons
 c - a +1 demon blade of flaming
 B - a +9 triple sword of electrocution (weapon)
Missiles
 M - 5 throwing nets (quivered)
Armour
 o - the +0 pair of gloves of the Okapi (worn) {rElec Str+4}
   (You bought it in a shop on level 2 of the Lair of Beasts)

   It affects your strength (+4).
   It insulates you from electricity.
 q - the +9 scales of the Dragon King (worn) {rPois rF+ rC+ MR+}
   (You found it on level 2 of the Depths)

   It protects you from fire.
   It protects you from cold.
   It protects you from poison.
   It affects your resistance to hostile enchantments.
 N - the -2 hat of the Alchemist (worn) {rElec rPois rF+ rC+ rN+ MR+ rMut rCorr}
   (You bought it in a shop on level 5 of the Vaults)

   It protects you from fire.
   It protects you from cold.
   It insulates you from electricity.
   It protects you from poison.
   It protects you from negative energy.
   It affects your resistance to hostile enchantments.
   It provides partial protection from all sources of acid and corrosion.
   It protects you from mutation.
 X - a +2 cloak of magic resistance (worn)
Jewellery
 s - the amulet of the Princess (around neck) {Fragile rF+ rN+++ Regen+ Slay+5}
   (You bought it in a shop on level 5 of the Lair of Beasts)

   [amulet of regeneration]

   It affects your accuracy and damage with ranged weapons and melee attacks
   (+5).
   It protects you from fire.
   It renders you almost immune to negative energy.
   It increases your rate of regeneration.
   It will be destroyed if unequipped.
 H - a ring of protection from magic (right hand)
 U - a ring of see invisible (left hand)
Wands
 d - a wand of clouds (13)
 m - a wand of scattershot (11)
 y - a wand of enslavement (6)
 z - a wand of digging (11)
 C - a wand of acid (21)
 O - a wand of paralysis (39)
 Q - a wand of iceblast (30)
Scrolls
 e - 24 scrolls of amnesia
 i - 12 scrolls of fog
 j - 16 scrolls of identify
 n - 3 scrolls of enchant armour
 r - 35 scrolls of remove curse
 t - 11 scrolls of magic mapping
 v - 25 scrolls of teleportation
 w - 6 scrolls of immolation
 x - a scroll of brand weapon
 D - 5 scrolls of enchant weapon
 E - 10 scrolls of fear
 G - 6 scrolls of silence
 V - 7 scrolls of blinking
 Z - 2 scrolls of summoning
Potions
 b - 5 potions of magic
 g - 12 potions of flight
 h - 9 potions of brilliance
 k - 9 potions of curing
 A - 4 potions of ambrosia
 F - 4 potions of agility
 I - 2 potions of might
 J - 6 potions of mutation
 K - a potion of cancellation
 S - a potion of haste
 T - 12 potions of heal wounds
 W - 6 potions of resistance
 Y - 6 potions of invisibility
Miscellaneous
 a - a lightning rod (4/4)
Comestibles
 f - 62 rations


   Skills:
 - Level 25.0 Fighting
 - Level 24.0 Long Blades
 - Level 1.7 Throwing
 - Level 24.6 Armour
 + Level 22.9 Dodging
 - Level 12.9 Stealth
   Level 4.0 Shields
 + Level 11.5 Spellcasting
 - Level 10.0 Translocations


You had 43 spell levels left.
You knew the following spells:

 Your Spells              Type           Power        Failure   Level  Hunger
a - Lesser Beckoning      Tloc           #####.....   3%          3    None
b - Blink                 Tloc           N/A          1%          2    None
c - Apportation           Tloc           #####.       1%          1    None

Your spell library contained the following spells:

 Spells                   Type           Power        Failure   Level  Hunger
 Gell's Gravitas          Tloc           #####.....   3%          3    None
 Teleport Other           Tloc           #####...     3%          3    None
 Passage of Golubria      Tloc           N/A          11%         4    ###....
 Shroud of Golubria       Chrm/Tloc      ####......   14%         2    None
 Portal Projectile        Hex/Tloc       ####..       26%         3    None
 Recall                   Summ/Tloc      N/A          26%         3    None
 Animate Skeleton         Necr           N/A          56%         1    None
 Beastly Appendage        Tmut           #.....       56%         1    None
 Confusing Touch          Hex            #.....       56%         1    None
 Corona                   Hex            #......      56%         1    None
 Flame Tongue             Conj/Fire      #....        56%         1    None
 Infusion                 Chrm           #...         56%         1    None
 Pain                     Necr           #...         56%         1    None
 Summon Small Mammal      Summ           #...         56%         1    None
 Force Lance              Conj/Tloc      ####....     65%         4    ###....
 Corpse Rot               Necr           N/A          71%         2    None
 Ensorcelled Hibernation  Hex/Ice        #.....       71%         2    None
 Passwall                 Tmut/Erth      #.......     71%         2    None
 Song of Slaying          Chrm           #.......     71%         2    None
 Sublimation of Blood     Necr           #.........   71%         2    None
 Throw Flame              Conj/Fire      #.....       71%         2    None
 Dispersal                Tloc           #####.....   86%         6    ######.
 Confuse                  Hex            #.......     91%         3    None
 Conjure Flame            Conj/Fire      #.......     91%         3    None
 Ignite Poison            Fire/Tmut/Pois #.......     91%         3    None
 Inner Flame              Hex/Fire       #.......     91%         3    None
 Ozocubu's Armour         Chrm/Ice       #.......     91%         3    None
 Regeneration             Chrm/Necr      #.........   91%         3    None
 Spectral Weapon          Hex/Chrm       #.......     91%         3    None
 Stone Arrow              Conj/Erth      #.....       91%         3    None
 Vampiric Draining        Necr           #.........   91%         3    None
 Summon Forest            Summ/Tloc      ####......   94%         5    #####..
 Animate Dead             Necr           N/A          100%        4    ###....
 Cause Fear               Hex            #.........   100%        4    ###....
 Ice Form                 Ice/Tmut       #.......     100%        4    ###....
 Leda's Liquefaction      Hex/Erth       #.........   100%        4    ###....
 Petrify                  Tmut/Erth      #.......     100%        4    ###....
 Sticky Flame             Conj/Fire      #.......     100%        4    ###....
 Summon Ice Beast         Ice/Summ       #.......     100%        4    ###....
 Alistair's Intoxication  Tmut/Pois      #.......     100%        5    #####..
 Bolt of Magma            Conj/Fire/Erth #.........   100%        5    #####..
 Borgnjor's Vile Clutch   Necr/Erth      #.........   100%        5    #####..
 Fireball                 Conj/Fire      #.........   100%        5    #####..
 Irradiate                Conj/Tmut      #.........   100%        5    #####..
 Iskenderun's Battlesphe  Conj/Chrm      #.......     100%        5    #####..
 Metabolic Englaciation   Hex/Ice        #.........   100%        5    #####..
 Silence                  Hex/Air        #.........   100%        5    #####..
 Venom Bolt               Conj/Pois      #.........   100%        5    #####..
 Yara's Violent Unravell  Hex/Tmut       #.........   100%        5    #####..
 Bolt of Fire             Conj/Fire      #.........   100%        6    ######.
 Darkness                 Hex            #.........   100%        6    ######.
 Death Channel            Necr           #.........   100%        6    ######.
 Deflect Missiles         Chrm/Air       #.........   100%        6    ######.
 Hydra Form               Tmut           #.........   100%        6    ######.
 Iron Shot                Conj/Erth      #.........   100%        6    ######.
 Shadow Creatures         Summ           N/A          100%        6    ######.
 Simulacrum               Ice/Necr       #.........   100%        6    ######.
 Statue Form              Tmut/Erth      #........    100%        6    ######.
 Dragon Form              Tmut           #.........   100%        7    #######
 Malign Gateway           Summ/Tloc      ####......   100%        7    #######
 Monstrous Menagerie      Summ           #.........   100%        7    #######
 Orb of Destruction       Conj           #.........   100%        7    #######
 Spellforged Servitor     Conj/Summ      #.........   100%        7    #######
 Summon Greater Demon     Summ           #.........   100%        7    #######
 Summon Hydra             Summ           #.........   100%        7    #######
 Controlled Blink         Tloc           N/A          100%        8    #######
 Discord                  Hex            #.........   100%        8    #######
 Disjunction              Tloc           #####.....   100%        8    #######
 Summon Horrible Things   Summ           #.........   100%        8    #######
 Dragon's Call            Summ           #.........   100%        9    #######
 Shatter                  Erth           #.........   100%        9    #######


Dungeon Overview and Level Annotations

Branches:
Dungeon (15/15)            Temple (1/1) D:7            Lair (6/6) D:9
  Swamp (4/4) Lair:2        Snake (4/4) Lair:3        Slime (5/5) Lair:6
    Orc (2/2) D:11            Elf (0/3) Orc:2        Vaults (5/5) D:14
  Crypt (3/3) Vaults:2       Tomb (0/3) Crypt:3      Depths (5/5) D:15
   Hell (1/1)                 Dis (0/7) Hell            Geh (7/7) Hell
    Coc (0/7) Hell            Tar (0/7) Hell            Zot (5/5) Depths:5

Altars:
Ashenzari
Cheibriados
Dithmenos
Elyvilon
Fedhas
Gozag
Hepliaklqana
Kikubaaqudgha
Makhleb
Nemelex Xobeh
Okawaru
Qazlal
Ru
Sif Muna
Trog
Uskayaw
Vehumet
Wu Jian
Xom
Yredelemnul
Zin
The Shining One
Beogh
Jiyva

Shops:
D:8 [   D:10 :   D:12 [=*[?[   D:15 [   Orc:2 (*[?(   Lair:2 [[   Lair:5 =[
Snake:1 =}=   Vaults:2 (   Vaults:4 [[   Vaults:5 [:*[%   Hell ?   Zot:4 :
Depths:1 !

Portals:
Hell: Depths:1 Depths:2 Depths:3 Depths:4 Depths:5
Abyss: Depths:3 Depths:4
Pandemonium: Depths:3
Ziggurat: Depths:1

Annotations:
D:7 vvokhom's ghost, novice MiBe
Depths:2 exclusion: orange crystal statue
Zot:1 2 transporters, Sofait's ghost, legendary GnFE


Innate Abilities, Weirdness & Mutations

You have hooves in place of feet.
You are surrounded by a strong repulsion field. (EV +4, RMsl)
Your flesh is cold resistant. (rC+)
You frequently emit foul miasma when damaged in melee.
A frigid envelope surrounds you and freezes all who hurt you.
You are completely covered in sharp spines.
You are immune to rotting.
You are immune to freezing clouds.
Scrolls take you a little longer to read.
You are very clumsy. (Dex -4)
Your system is resistant to poisons. (rPois)
You are robust. (+10% HP)
You occasionally shout uncontrollably at your foes.


Message History

The Brimstone Fiend is frozen!
The Brimstone Fiend is very cold.
The Brimstone Fiend is moderately wounded.
The hellion hits you but does no damage.
The hellion is very cold.
The hellion is almost dead.
The balrug becomes distracted by the nearby gold, dreaming of imaginary riches.
As you read the scroll of teleportation, it crumbles to dust.
You feel strangely unstable.
The emperor scorpion zombie is no longer distracted by gold.
Things that are here:
42 gold pieces; a +3 vampiric demon whip The balrug is no longer distracted by gold.
The red devil is no longer distracted by gold.
The red devil hits you but does no damage.
The balrug gestures at you. The sticky flame misses you.
The Brimstone Fiend gestures at you.
The sphere of damnation explodes!
The damnation engulfs you!!!
You die...
Your body crumbles into a pile of gold.

+,,+++,,,,,*#..## #........§§§§§≈
,,,,+**,,,,*#...# ##.......≈≈≈≈≈≈
*++*****,,,*#...# ##......§.≈≈§≈
*++*****+,,*#...######.....§§§≈§§
,,,,,**+++,*#...''$####....§§§§≈≈
,,,,$**$+***#...''$$####....§≈§≈§
$,,$$**,,* ######$$)# ##..§§≈§≈≈
$,,$$**,,* ######$.[# ##..§≈≈≈≈≈
$$$$$**$+***#...@$$$####...§§≈§§≈
$,,$$**+++,*#§..'$$####....≈≈§≈§≈
********+,,*#§.§######....§§≈§≈≈≈
********,,,*#§§2# ##.......§§§§≈
$,,$+**,,,,*#1§4# ##......≈≈≈§§≈≈
+,,+++,,,,,*#§§## #.........§≈≈≈§
****+,,,,8,*#§$#* #.........≈≈≈§§
* *,,,,,,,*#2Z'# #.......≈≈≈≈§≈§
* *++******##2Z# #.......≈≈≈≈§§§


You could see a Brimstone Fiend and a balrug.

Vanquished Creatures
  the Royal Jelly (Slime:5)
  Tiamat (Zot:1)
  3 orbs of fire (Zot:5)
  6 ancient liches
  Khufu (Crypt:1)
  A juggernaut (Depths:5)
  4 greater mummies
  Boris (4 times) (Vaults:4 Crypt:3 Depths:4 Depths:5)
  4 curse toes
  7 Killer Klowns (Zot:5)
  Xtahua (Depths:3)
  Saint Roka (Vaults:2)
  A caustic shrike (Depths:3)
  Frederick (Depths:4)
  Jory (Depths:3)
  Geryon (Hell)
  A profane servitor (Crypt:3)
  5 bone dragons
  17 golden dragons
  2 electric golems (Zot:5)
  A hellephant (Hell)
  20 Brimstone Fiends
  19 tentacled monstrosities
  Jorgrun (Swamp:2)
  25 Orb Guardians (Zot:5)
  11 liches
  7 quicksilver dragons
  17 acid blobs
  Asterion (Snake:1)
  3 sphinxes
  An eldritch tentacle (Geh:1)
  4 titans
  2 ancient champions
  8 death cobs
  2 tentacled starspawn (Abyss:2)
  14 shadow dragons
  9 nagarajas
  Roxanne (Snake:4)
  15 storm dragons
  8 azure jellies
  9 tengu reavers
  Kirke (D:13)
  A revenant (Crypt:3)
  11 fire giants
  6 thorn hunters
  8 draconian monks
  Louise (Snake:3)
  12 frost giants
  2 orc warlords (Depths:1)
  2 iron dragons (Vaults:5)
  3 ghost moths
  A ghost moth (shapeshifter) (Vaults:5)
  2 deep elf sorcerers
  16 vault wardens
  8 draconian scorchers
  6 draconian stormcallers
  5 draconian knights
  A juggernaut zombie (Crypt:1)
  5 draconian annihilators
  2 cacodemons
  4 draconian shifters
  5 ghouls
  A curse skull (Crypt:1)
  10 balrugs
  15 ironheart preservers
  16 reapers
  3 spriggan defenders
  15 very ugly things
  5 war gargoyles
  21 stone giants
  19 green draconians
  2 deep elf demonologists
  9 vampire knights
  14 black draconians
  3 lorocyprocas
  The ghost of Dootley the Carver, a journeyman FoFi of Dithmenos (Orc:2)
  14 yellow draconians
  6 purple draconians
  Azrael (Snake:3)
  A deep elf annihilator (Vaults:5)
  3 spark wasps (Depths:3)
  20 white draconians
  11 red draconians
  The ghost of Nutum the Martial Artist, a journeyman OpTm of Okawaru (Lair:6)
  10 ettins
  A blizzard demon (Depths:3)
  4 eidola
  11 deep elf death magi
  4 death oozes (Slime:5)
  A merfolk javelineer (Depths:1)
  2 quicksilver dragon zombies
  12 fire dragons
  2 mummy priests (Crypt:3)
  19 yaktaur captains
  16 jiangshi
  Erolcha (D:13)
  22 ice dragons
  2 kraken zombies (Hell)
  13 naga warriors
  2 deep elf high priests
  12 great orbs of eyes
  2 ghost crabs
  5 rakshasas
  3 quicksilver dragon skeletons
  13 hydras
  A catoblepas (shapeshifter) (Depths:3)
  5 spriggan air magi
  A shambling mangrove (Swamp:3)
  29 vault guards
  An anaconda (shapeshifter) (Vaults:5)
  16 anacondas
  Erica (Lair:2)
  7 death knights
  8 centaur warriors
  12 ogre magi
  37 two-headed ogres
  15 alligators
  10 death yaks
  9 deep troll shamans
  11 vampire magi
  45 hell hogs
  7 orc high priests
  5 deep troll earth magi
  13 shock serpents
  3 tengu warriors
  A titan zombie (Geh:1)
  7 spriggan berserkers
  11 naga sharpshooters
  A thrashing horror (Abyss:2)
  7 soul eaters
  2 iron golems (Hell)
  6 deep elf knights
  14 sun demons
  59 hell knights
  2 storm dragon zombies
  A titan skeleton (Geh:2)
  4 spriggans
  7 iron trolls
  A fire crab (shapeshifter) (Vaults:3)
  4 sixfirhies
  38 skeletal warriors
  3 sea snakes (Snake:4)
  A ghost moth zombie (Geh:6)
  8 salamander mystics
  7 shadow wraiths
  14 deep trolls
  A gelid demonspawn (Depths:3)
  3 golden dragon zombies
  8 glowing orange brains
  4 storm dragon skeletons
  4 large abominations
  4 unseen horrors
  15 flayed ghosts
  3 spriggan druids (Swamp:3)
  9 deep elf archers
  2 glowing orange brains (shapeshifter)
  5 anaconda zombies
  21 ironbrand convokers
  11 swamp dragons
  A spectral anaconda (Depths:2)
  4 golden dragon skeletons
  7 wizards
  7 naga ritualists
  An orange crystal statue (Depths:2)
  2 spectral hydras
  13 phantasmal warriors
  5 lindwurms
  23 necromancers
  18 orc knights
  3 anaconda skeletons
  A harpy (shapeshifter) (Vaults:1)
  3 stone giant zombies
  2 iron dragon zombies
  4 frost giant zombies
  2 shadow dragon zombies
  A wolf spider (shapeshifter) (Depths:5)
  6 wolf spider zombies
  6 wolf spiders
  4 fire giant zombies
  2 cyclopes (shapeshifter) (Vaults:5)
  An iron giant skeleton (Crypt:2)
  2 manticores
  2 iron dragon skeletons
  3 orc sorcerers
  21 mana vipers
  43 ugly things
  20 deep elf magi
  A salamander (shapeshifter) (Depths:1)
  2 shadow dragon skeletons
  4 cyclopes
  10 salamanders
  4 fire giant skeletons
  An elephant (D:8)
  5 frost giant skeletons
  27 moths of wrath
  25 black mambas
  An ice statue (IceCv)
  An orange demon (Hell)
  2 stone giant skeletons
  10 rust devils
  4 eyes of devastation (Slime:5)
  A torpor snail (shapeshifter) (Vaults:5)
  A storm dragon simulacrum (Crypt:2)
  A shock serpent zombie (Geh:7)
  24 naga magi
  2 dire elephant skeletons
  6 dire elephant zombies
  6 guardian serpents (Snake:4)
  17 vault sentinels
  A catoblepas zombie (Geh:1)
  2 human skeletons
  2 titan simulacra
  A centaur zombie (D:15)
  10 molten gargoyles
  A gargoyle (D:15)
  4 smoke demons
  10 spiny frogs
  A shock serpent skeleton (Geh:4)
  A minotaur zombie (Crypt:1)
  6 komodo dragons
  25 hellions
  4 kobold demonologists
  3 anaconda simulacra (Depths:2)
  3 efreet
  9 tormentors
  9 freezing wraiths
  64 yaktaurs
  A black draconian skeleton (Crypt:1)
  A red draconian skeleton (Crypt:1)
  4 rime drakes
  9 ice devils
  An ancient zyme (Abyss:2)
  25 red devils
  8 tengu conjurers
  A white draconian skeleton (Crypt:1)
  3 harpy zombies
  3 spectral merfolk (Depths:2)
  7 guardian mummies (Crypt:3)
  A catoblepas skeleton (Geh:7)
  A queen bee (Lair:5)
  A polar bear (shapeshifter) (D:13)
  6 hydra zombies
  23 polar bears
  7 trolls
  A death drake zombie (Crypt:2)
  A jumping spider (shapeshifter) (Vaults:4)
  13 hornets
  6 meliai
  6 tyrant leeches
  104 slime creatures
  16 blink frogs
  A wolf spider simulacrum (D:14)
  A hippogriff (shapeshifter) (D:15)
  An alligator zombie (Geh:1)
  A harpy skeleton (Geh:5)
  7 ice dragon zombies
  4 hydra skeletons
  5 bog bodies
  3 fire giant simulacra
  8 raiju
  2 ettin zombies
  4 fire dragon zombies
  13 hippogriffs
  A meliai zombie (D:14)
  A stone giant simulacrum (Crypt:3)
  A black mamba zombie (Geh:1)
  6 ice dragon skeletons
  A tarantella (shapeshifter) (Vaults:5)
  2 alligator skeletons
  25 shadows
  9 fire bats (Geh:1)
  A guardian serpent skeleton (Crypt:1)
  A shock serpent simulacrum (Crypt:3)
  3 ettin skeletons
  68 yaks
  4 black mamba skeletons
  7 fire dragon skeletons
  67 flying skulls
  19 water elementals
  2 vampires (Depths:2)
  A basilisk (shapeshifter) (Vaults:3)
  30 wraiths
  3 wyverns
  42 fire elementals
  A spectral komodo dragon (Lair:6)
  2 golden eyes (Slime:4)
  A steam dragon (Lair:6)
  4 basilisks
  A hungry ghost (D:11)
  A yaktaur simulacrum (Vaults:5)
  A death yak simulacrum (Lair:6)
  16 vampire mosquitoes
  15 swamp worms
  21 wargs
  3 spectral spriggans (Depths:2)
  A hydra simulacrum (Lair:6)
  A soldier ant (D:10)
  4 insubstantial wisps (Swamp:2)
  Duvessa (D:5)
  3 acid dragons
  40 nagas
  A floating eye (shapeshifter) (Vaults:5)
  2 floating eyes
  A spiny frog zombie (Geh:7)
  72 hell hounds
  A spectral troll (Depths:2)
  15 swamp drakes
  13 water moccasins
  A manticore zombie (Geh:3)
  8 porcupines
  A merfolk skeleton (Crypt:2)
  2 spiny frog skeletons
  15 black bears
  Purgy (D:3)
  2 hornet zombies
  41 orc warriors
  3 snapping turtle zombies
  4 sky beasts
  5 eyes of draining
  5 ice beasts
  18 necrophages
  A boggart (Vaults:3)
  2 ogres (shapeshifter) (Vaults:3)
  11 phantoms
  5 snapping turtle skeletons
  42 ogres
  22 centaurs
  2 swamp dragon skeletons (Geh:1)
  30 wolves
  17 crocodiles
  A rime drake zombie (Crypt:2)
  5 big kobolds
  A hog skeleton (Crypt:2)
  A wyvern zombie (D:14)
  17 bullfrogs
  A glowing shapeshifter simulacrum (Vaults:5)
  A merfolk simulacrum (Depths:2)
  3 small abominations
  A wyvern skeleton (D:8)
  Dowan (D:5)
  4 scorpions
  A spectral naga (Depths:2)
  24 killer bees
  5 spectral ogres (Depths:2)
  72 wights
  An electric eel (Snake:4)
  5 howler monkeys
  3 spectral centaurs (Depths:2)
  14 crimson imps
  4 quasits
  3 iron imps (Depths:3)
  9 hounds
  9 jellies
  3 human zombies
  43 orc priests
  A soldier ant zombie (Crypt:1)
  4 centaur skeletons
  4 bullfrog skeletons
  7 iguanas
  5 hell rats (Hell)
  Natasha (thrice) (D:3)
  10 worker ants
  31 orc wizards
  A porcupine skeleton (Crypt:2)
  A killer bee zombie (D:8)
  A deep dwarf zombie (Crypt:1)
  A tengu zombie (Geh:5)
  A centaur simulacrum (Depths:2)
  A felid skeleton (Crypt:1)
  A hound skeleton (D:7)
  A hound zombie (D:11)
  Robin (D:2)
  2 worker ant zombies
  A howler monkey skeleton (Crypt:2)
  4 gnolls (D:5)
  A naga simulacrum (Depths:2)
  An adder (shapeshifter) (Vaults:3)
  16 adders
  8 shadow imps
  2 white imps
  3 ufetubi
  8 oozes
  An adder zombie (D:6)
  5 worms
  6 dart slugs
  15 leopard geckos
  145 orcs
  8 ball pythons
  13 bats
  5 giant cockroaches (D:3)
  21 goblins
  7 hobgoblins
  6 jackals
  5 quokkas
  A dart slug zombie (Crypt:1)
  5 frilled lizards
  A goblin zombie (Crypt:1)
  13 kobolds
  A quokka skeleton (D:7)
  7 rats
  9 briar patches
  A fungus (Lair:6)
  A plant (Lair:4)
  3 tentacles (Hell)
3416 creatures vanquished.

Vanquished Creatures (others)
  Boris (Depths:3)
  An eldritch tentacle (Geh:2)
  A fire giant (Vaults:5)
  A draconian annihilator (Zot:2)
  An ice dragon (shapeshifter) (D:14)
  5 dancing weapons
  3 hell hogs
  A frost giant zombie (Geh:4)
  A naga mage (Snake:3)
  A stone giant skeleton (Geh:3)
  A demonic crawler (Hell)
  A polar bear (IceCv)
  A yak (IceCv)
  A fire elemental (Geh:6)
  2 humans (D:13)
  A swamp worm (Swamp:2)
  A naga (Snake:4)
  A warg (Depths:2)
  3 hell hounds (Geh:4)
  A wight (Geh:1)
  A crimson imp (D:13)
  A human zombie (Geh:6)
  An orc (D:3)
  A kobold (D:14)
  A briar patch (Swamp:3)
  3 fungi
  30 plants
  5 starspawn tentacles (Abyss:2)
  11 tentacles (Hell)
83 creatures vanquished.

Grand Total: 3499 creatures vanquished

Notes
Turn   | Place    | Note
-------+----------+-------------------------------------------
     0 | D:1      | Jerry the Demonspawn Gladiator began the quest for the Orb.
     0 | D:1      | Reached XP level 1. HP: 16/16 MP: 1/1
   101 | D:1      | Gained mutation: You have large cloven feet. [demonic
                  | ancestry]
   101 | D:1      | Reached XP level 2. HP: 9/22 MP: 2/2
   365 | D:1      | Reached skill level 1 in Armour
   673 | D:1      | Gained mutation: You are surrounded by a mild repulsion
                  | field. (EV +2) [demonic ancestry]
   673 | D:1      | Reached XP level 3. HP: 24/28 MP: 3/3
  1162 | D:2      | Noticed Robin
  1353 | D:2      | Killed Robin
  1356 | D:2      | Reached XP level 4. HP: 22/34 MP: 4/4
  1364 | D:2      | Reached skill level 3 in Fighting
  1978 | D:3      | Found a glowing drain.
  2108 | Sewer    | Entered a sewer
  2131 | Sewer    | Gained mutation: You have hoof-like feet. [demonic
                  | ancestry]
  2131 | Sewer    | Reached XP level 5. HP: 32/41 MP: 5/5
  3200 | D:3      | Noticed Purgy
  3274 | D:3      | Noticed Natasha
  3280 | D:3      | Killed Natasha
  3508 | D:3      | Noticed Natasha
  3514 | D:3      | Killed Natasha
  3536 | D:3      | Noticed Natasha
  3541 | D:3      | Killed Natasha
  3541 | D:3      | Reached XP level 6. HP: 38/48 MP: 6/6
  3660 | D:3      | Reached skill level 4 in Fighting
  3749 | D:3      | HP: 2/48 [orc/+0 flail (6)]
  4125 | D:3      | Killed Purgy
  4778 | D:4      | Reached skill level 1 in Shields
  4778 | D:4      | Reached XP level 7. HP: 44/55 MP: 7/7
  5231 | D:5      | Entered Level 5 of the Dungeon
  5257 | D:5      | Reached skill level 5 in Long Blades
  5268 | D:5      | Noticed Dowan
  5297 | D:5      | Killed Dowan
  5297 | D:5      | Noticed Duvessa
  5545 | D:5      | Killed Duvessa
  5545 | D:5      | Reached skill level 5 in Fighting
  5738 | D:5      | Found a basalt altar of Yredelemnul.
  5771 | D:5      | Gained mutation: You are immune to rotting. [demonic
                  | ancestry]
  5771 | D:5      | Reached XP level 8. HP: 19/62 MP: 8/8
  6027 | D:5      | You fall through a shaft for 2 floors!
  6251 | D:7      | Noticed a moth of wrath
  6709 | D:6      | Reached skill level 5 in Armour
  7038 | D:5      | Reached skill level 6 in Fighting
  8047 | D:6      | Gained mutation: You may emit foul miasma when damaged in
                  | melee. [demonic ancestry]
  8047 | D:6      | Reached XP level 9. HP: 71/71 MP: 9/9
  8162 | D:6      | Found a deep blue altar of Sif Muna.
  8299 | D:7      | Found a staircase to the Ecumenical Temple.
  8315 | Temple   | Entered the Ecumenical Temple
  8471 | Temple   | Became a worshipper of Gozag Ym Sagoz the Greedy
  8597 | D:7      | Found a transporter.
  8611 | D:7      | Found a transporter.
  8614 | D:7      | Noticed vvokhom's ghost (novice MiBe)
  8936 | D:7      | Reached skill level 7 in Fighting
 10008 | D:8      | Got a dazzling scale mail
 10014 | D:8      | Identified the +6 scale mail of Catatonia {Int+3} (You
                  | found it on level 8 of the Dungeon)
 10190 | D:8      | Reached skill level 8 in Fighting
 10479 | D:8      | Gained mutation: Your flesh is cold resistant. (rC+)
                  | [demonic ancestry]
 10479 | D:8      | Reached XP level 10. HP: 80/80 MP: 10/10
 10552 | D:8      | Found a hide-covered altar of Uskayaw.
 10921 | D:9      | Noticed an elephant
 10951 | D:8      | Killed an elephant
 11222 | D:9      | Found a staircase to the Lair.
 11287 | D:9      | Noticed a death yak
 11384 | D:8      | Killed a death yak
 11509 | D:9      | Reached skill level 9 in Fighting
 12370 | D:9      | Found a radiant altar of Vehumet.
 12475 | D:9      | Found a white marble altar of Elyvilon.
 12633 | D:8      | Bought a glowing buckler for 240 gold pieces
 12667 | Lair:1   | Entered Level 1 of the Lair of Beasts
 12832 | Lair:1   | Reached XP level 11. HP: 53/90 MP: 11/11
 13472 | Lair:1   | Got a crystal long sword
 13473 | Lair:1   | Identified the +7 long sword "Taboos" {slice, rElec rF+
                  | Dex+2 Stlth+} (You found it on level 1 of the Lair of
                  | Beasts)
 13577 | Lair:1   | Reached skill level 10 in Fighting
 14190 | Lair:2   | Noticed Erica
 14193 | Lair:2   | Found a frozen archway.
 14201 | Lair:2   | Killed Erica
 14216 | IceCv    | Entered an ice cave
 14231 | IceCv    | Reached skill level 10 in Long Blades
 14741 | IceCv    | Reached skill level 11 in Fighting
 14758 | IceCv    | Reached skill level 10 in Armour
 15146 | IceCv    | Gained mutation: You are surrounded by a moderate repulsion
                  | field. (EV +3) [demonic ancestry]
 15146 | IceCv    | Reached XP level 12. HP: 95/100 MP: 12/12
 15205 | IceCv    | Noticed a death yak
 15236 | IceCv    | Killed a death yak
 15612 | IceCv    | Noticed a death yak
 15612 | IceCv    | Noticed a frost giant
 15612 | IceCv    | Noticed a death yak
 15626 | IceCv    | Gained mutation: You have hooves in place of feet. [potion
                  | of mutation]
 15626 | IceCv    | Gained mutation: You evolve. [potion of mutation]
 15626 | IceCv    | Gained mutation: You occasionally shout uncontrollably at
                  | your foes. [potion of mutation]
 15626 | IceCv    | Gained mutation: Your system is resistant to poisons.
                  | (rPois) [potion of mutation]
 15637 | IceCv    | Killed a death yak
 15638 | IceCv    | Killed a death yak
 15857 | IceCv    | Killed a frost giant
 16116 | IceCv    | Got a smoking glass ring
 16328 | Lair:2   | Got a faintly glowing buckler
 16422 | Lair:2   | Noticed a four-headed hydra
 16434 | Lair:2   | Killed a one-headed hydra
 16449 | Lair:2   | Found a staircase to the Swamp.
 16652 | Lair:2   | Noticed a six-headed hydra
 16670 | Lair:2   | Killed a six-headed hydra
 16915 | Lair:2   | Got a warped buckler
 17295 | Lair:2   | Gained mutation: Your muscles are strong. (Str +2)
                  | [evolution]
 17925 | Lair:3   | Found a staircase to the Snake Pit.
 18121 | Lair:3   | Reached XP level 13. HP: 107/107 MP: 13/13
 18367 | Lair:3   | Identified the ring of Xeowiorph {-Tele rPois MR+ Str+3
                  | Stlth+} (You found it in an ice cave)
 18370 | Lair:3   | Identified the +1 buckler of the Butterfly {*Drain MR+
                  | Int+4 Dex+2} (You found it on level 2 of the Lair of
                  | Beasts)
 18592 | Lair:4   | You fall through a shaft for 2 floors!
 18592 | Lair:6   | Entered Level 6 of the Lair of Beasts
 18928 | Lair:6   | Found a runed translucent door.
 18928 | Lair:6   | Found a viscous altar of Jiyva.
 18928 | Lair:6   | Found a staircase to the Slime Pits.
 19227 | Lair:6   | Noticed a fire dragon
 19242 | Lair:6   | Killed a fire dragon
 19654 | Lair:5   | Found a shimmering altar of Xom.
 19904 | Lair:5   | Identified the +3 buckler of Suam {*Slow rElec MR- Int+8}
                  | (You found it on level 2 of the Lair of Beasts)
 19909 | Lair:5   | Bought a +2 helmet of see invisible for 322 gold pieces
 19909 | Lair:5   | Bought the +2 cloak of the Will of the Gods {rPois rC+} for
                  | 490 gold pieces
 20988 | Lair:5   | Bought the amulet of the Princess {Fragile rF+ rN+++ Regen+
                  | Slay+5} for 964 gold pieces
 21534 | Lair:6   | Found a runed translucent gate.
 21535 | Lair:6   | Found a runed translucent gate.
 21536 | Lair:6   | Found a runed translucent gate.
 21538 | Lair:6   | Noticed Nutum's ghost (journeyman OpTm)
 21919 | Lair:6   | Gained mutation: You are surrounded by a strong repulsion
                  | field. (EV +4, RMsl) [evolution]
 22017 | Lair:6   | Mutation became permanent: You have hoof-like feet.
                  | [demonic ancestry]
 22017 | Lair:6   | Gained mutation: You have hooves in place of feet. [demonic
                  | ancestry]
 22017 | Lair:6   | Reached XP level 14. HP: 108/114 MP: 14/14
 22717 | Lair:6   | Killed Nutum's ghost
 22920 | D:10     | Entered Level 10 of the Dungeon
 22920 | D:10     | Found Ytynu's Book Shop.
 23012 | D:10     | Got a dazzling falchion
 23104 | D:10     | Identified the +8 falchion of Xom's Benevolence {slice,
                  | +Fly rN+++ Str-2 Dex-2} (You found it on level 10 of the
                  | Dungeon)
 24170 | D:11     | Found a staircase to the Orcish Mines.
 24358 | D:12     | Found Raasab's Antique Armour Shop.
 24376 | D:12     | Reached skill level 12 in Fighting
 24631 | D:12     | Found Oxeroatu's Armour Shoppe.
 24755 | D:12     | Found Joutaf's Magic Scroll Boutique.
 24763 | D:12     | Bought a scroll of summoning for 114 gold pieces
 24763 | D:12     | Bought a scroll of identify for 24 gold pieces
 24829 | D:12     | You fall through a shaft for 2 floors!
 24829 | D:14     | Found a glowing silver altar of Zin.
 25026 | D:12     | Found Jiomukle's Antique Armour Boutique.
 25095 | D:12     | Found Tuaripnuo's General Store.
 25100 | D:12     | Bought a scroll of identify for 30 gold pieces
 25121 | D:12     | Bought a shimmering shield for 313 gold pieces
 25122 | D:12     | Identified the +5 shield of Ashenzari's Envy {+Fly rPois}
                  | (You bought it in a shop on level 12 of the Dungeon)
 25487 | D:13     | Noticed Kirke
 25494 | D:13     | Killed Kirke
 25771 | D:13     | Noticed Erolcha
 25783 | D:13     | Killed Erolcha
 26066 | Orc:1    | Entered Level 1 of the Orcish Mines
 26481 | Orc:2    | Entered Level 2 of the Orcish Mines
 26514 | Orc:2    | Found a staircase to the Elven Halls.
 26643 | Orc:2    | Found Uleam's Antique Weapon Emporium.
 26693 | Orc:2    | Found Gopsis's General Store.
 26693 | Orc:2    | Found Reigoaha's Antique Armour Emporium.
 26834 | Orc:2    | Gained mutation: Your body sometimes deteriorates upon
                  | taking damage. [a neqoxec]
 26862 | Orc:1    | Reached XP level 15. HP: 102/122 MP: 15/15
 27274 | Orc:2    | Bought a scorched hat for 234 gold pieces
 27274 | Orc:2    | Bought a faintly glowing plate armour for 728 gold pieces
 27274 | Orc:2    | Bought a shiny plate armour for 676 gold pieces
 27275 | Orc:2    | Identified the +2 hat "Dah Fug" {*Slow +Inv rC++} (You
                  | bought it in a shop on level 2 of the Orcish Mines)
 27287 | Orc:2    | Bought a scroll of identify for 34 gold pieces
 27287 | Orc:2    | Identified the +0 plate armour "Xooniq" {Str+6} (You bought
                  | it in a shop on level 2 of the Orcish Mines)
 27312 | Orc:2    | Found a roughly hewn altar of Beogh.
 27342 | Orc:2    | Found Noguk's Antique Weapon Emporium.
 27342 | Orc:2    | Found Ufergh's Magic Scroll Boutique.
 27377 | Orc:2    | Bought a scroll of enchant armour for 112 gold pieces
 27377 | Orc:2    | Bought a scroll of enchant weapon for 112 gold pieces
 27419 | Orc:2    | Found a large runed translucent door.
 27420 | Orc:2    | Found a large runed translucent door.
 27428 | Orc:2    | Noticed Dootley's ghost (journeyman FoFi)
 27661 | Orc:2    | Killed Dootley's ghost
 27661 | Orc:2    | Reached skill level 5 in Dodging
 28213 | D:14     | Found a gate to the Vaults.
 28225 | D:14     | Reached skill level 15 in Long Blades
 28401 | D:14     | Reached skill level 13 in Fighting
 28921 | D:15     | Entered Level 15 of the Dungeon
 29063 | D:15     | Reached skill level 15 in Armour
 29277 | D:15     | Found a staircase to the Depths.
 29597 | D:15     | Found a white marble altar of Elyvilon.
 29976 | Snake:1  | Entered Level 1 of the Snake Pit
 30452 | Snake:1  | Gained mutation: You are robust. (+10% HP) [evolution]
 30466 | Snake:1  | Noticed Asterion
 30481 | Snake:1  | Killed Asterion
 30481 | Snake:1  | Gained mutation: You frequently emit foul miasma when
                  | damaged in melee. [demonic ancestry]
 30481 | Snake:1  | Reached XP level 16. HP: 87/144 MP: 16/16
 30720 | Snake:1  | Found Jumpex's Jewellery Shop.
 30720 | Snake:1  | Found Farphewkoica's Gadget Shoppe.
 30721 | Snake:1  | Found Ateematz's Jewellery Shop.
 30726 | Snake:1  | Bought the ring "Zonlof" {rCorr rC+ Str+3} for 725 gold
                  | pieces
 31476 | Snake:2  | Reached skill level 14 in Fighting
 32370 | Snake:3  | Noticed Azrael
 32391 | Snake:3  | Killed Azrael
 32874 | Snake:3  | Noticed Louise
 32910 | Snake:3  | Killed Louise
 33038 | Snake:4  | Entered Level 4 of the Snake Pit
 33143 | Snake:4  | Identified Roxanne's Handbook of Moulding
 33143 | Snake:4  | Noticed Roxanne
 33340 | Snake:4  | Reached XP level 17. HP: 154/154 MP: 17/17
 34008 | Snake:4  | Reached skill level 15 in Fighting
 34527 | Snake:4  | Reached skill level 10 in Dodging
 34914 | Snake:4  | Got a serpentine rune of Zot
 35176 | Snake:4  | Killed Roxanne
 35236 | Snake:4  | Got a brightly glowing scythe
 35355 | Swamp:1  | Entered Level 1 of the Swamp
 35519 | Swamp:1  | Lost mutation: Your body sometimes deteriorates upon taking
                  | damage. [evolution]
 35519 | Swamp:1  | Lost mutation: You evolve. [end of evolution]
 36242 | Swamp:2  | Reached XP level 18. HP: 144/163 MP: 18/18
 36809 | Swamp:3  | Noticed Jorgrun
 36950 | Swamp:2  | Killed Jorgrun
 37927 | Swamp:4  | Entered Level 4 of the Swamp
 38583 | Swamp:4  | Reached skill level 16 in Fighting
 38882 | Swamp:4  | Got a decaying rune of Zot
 39045 | Lair:2   | Bought the +0 pair of gloves of the Okapi {rElec Str+4} for
                  | 349 gold pieces
 39263 | Vaults:1 | Entered Level 1 of the Vaults
 39918 | Vaults:1 | Reached XP level 19. HP: 172/172 MP: 19/19
 40975 | Vaults:2 | Noticed Saint Roka
 40991 | Vaults:2 | Killed Saint Roka
 41237 | Vaults:2 | Found Faes's Antique Weapon Emporium.
 41325 | Vaults:2 | Found a staircase to the Crypt.
 42670 | Vaults:3 | Reached skill level 17 in Fighting
 42675 | Vaults:3 | Gained mutation: You are immune to freezing clouds.
                  | [demonic ancestry]
 42675 | Vaults:3 | Reached XP level 20. HP: 172/184 MP: 20/20
 44611 | Vaults:4 | Noticed Boris
 44619 | Vaults:4 | Killed Boris
 44967 | Vaults:4 | Found a radiant altar of Vehumet.
 44969 | Vaults:4 | Found the +5 robe of Misfortune {*Contam Harm *Corrode
                  | *Drain *Slow EV+5}
 45002 | Vaults:4 | Got a pitted hat
 45005 | Vaults:4 | Identified the cursed -5 hat of Dishonesty {*Slow rCorr
                  | Int+3} (You found it on level 4 of the Vaults)
 45408 | Vaults:4 | Reached XP level 21. HP: 193/193 MP: 21/21
 45699 | Vaults:4 | Bought runed fire dragon scales for 1701 gold pieces
 45717 | Vaults:4 | Identified a scroll of acquirement
 45851 | Crypt:1  | Entered Level 1 of the Crypt
 46016 | Crypt:1  | Reached skill level 1 in Stealth
 46242 | Crypt:1  | Paralysed by a vampire knight for 3 turns
 46925 | Crypt:2  | Noticed a greater mummy
 46925 | Crypt:2  | Noticed a greater mummy
 47067 | Crypt:2  | Noticed Khufu
 47086 | Crypt:1  | Killed a greater mummy
 47181 | Crypt:2  | Noticed a greater mummy
 47307 | Crypt:1  | Killed a greater mummy
 47317 | Crypt:1  | Killed Khufu
 47317 | Crypt:1  | Reached skill level 18 in Fighting
 47317 | Crypt:1  | HP: 8/194 [poisoned by an emperor scorpion]
 47322 | Crypt:1  | HP: 6/194 [poisoned by an emperor scorpion]
 47327 | Crypt:1  | HP: 5/194 [poisoned by an emperor scorpion]
 47333 | Crypt:1  | HP: 6/194 [poisoned by an emperor scorpion]
 47340 | Crypt:1  | HP: 9/194 [poisoned by an emperor scorpion]
 48016 | Crypt:2  | Killed a greater mummy
 48551 | Crypt:3  | Entered Level 3 of the Crypt
 48806 | Crypt:3  | Found an ancient bone altar of Kikubaaqudgha.
 49186 | Crypt:3  | Reached skill level 5 in Stealth
 49191 | Crypt:3  | Gained mutation: You are partially covered in sharp spines.
                  | [demonic ancestry]
 49191 | Crypt:3  | Reached XP level 22. HP: 139/202 MP: 22/22
 49522 | Crypt:3  | Found the +4 dagger "Morg" {pain, MR+ Int+5}
 49644 | Crypt:3  | Noticed Boris
 49660 | Crypt:3  | Killed Boris
 49760 | Crypt:3  | Noticed a greater mummy
 50333 | Crypt:3  | Got a pitted long sword
 50423 | Crypt:3  | Killed a greater mummy
 50750 | Crypt:3  | Got a slimy jade amulet
 50754 | Crypt:3  | Identified the +6 long sword of Infection {slice, rC+
                  | Int+3} (You found it on level 3 of the Crypt)
 50755 | Crypt:3  | Identified the amulet of Afeacy {+Rage MR- Str+7} (You
                  | found it on level 3 of the Crypt)
 50798 | Crypt:3  | Found a staircase to the Tomb.
 51113 | Depths:1 | Entered Level 1 of the Depths
 51630 | Depths:1 | Found a gateway to Hell.
 51929 | Depths:1 | Found a runed translucent door.
 51989 | Depths:1 | Found a runed translucent door.
 52011 | Depths:1 | Found a gateway to a ziggurat.
 52024 | Depths:1 | Found Leczad's Distillery.
 52033 | Depths:1 | Bought 2 potions of might for 168 gold pieces
 52340 | Depths:1 | Got a pair of ancient gloves
 52342 | Depths:1 | Identified the +1 pair of gloves of the Four Yaks {Str+3}
                  | (You found it on level 1 of the Depths)
 52917 | Depths:2 | Paralysed by a floating eye for 2 turns
 53280 | Depths:2 | Found the +9 scales of the Dragon King {rPois rF+ rC+ MR+}
 53309 | Depths:2 | Got ancient ice dragon scales
 53310 | Depths:2 | Identified the +9 ice dragon scales of Trial and Error
                  | {*Slow rPois rF- rC++ MP+9 Int+2} (You found it on level 2
                  | of the Depths)
 53334 | Depths:2 | Gained mutation: You are mostly covered in sharp spines.
                  | [demonic ancestry]
 53334 | Depths:2 | Reached XP level 23. HP: 211/211 MP: 15/23
 53541 | Depths:2 | Noticed an ancient lich
 53553 | Depths:2 | Killed an ancient lich
 53641 | Depths:2 | Reached skill level 15 in Dodging
 53810 | Depths:2 | Reached skill level 19 in Fighting
 54191 | Depths:2 | Reached XP level 24. HP: 221/221 MP: 23/23
 54291 | Depths:3 | Noticed Xtahua
 54302 | Depths:3 | Killed Xtahua
 54325 | Depths:3 | Found a one-way gate to the infinite horrors of the Abyss.
 54441 | Depths:3 | Noticed Boris
 54448 | Depths:3 | Killed Boris
 54899 | Depths:3 | Found a one-way gate leading to the halls of Pandemonium.
 54991 | Depths:3 | Noticed Jory
 55008 | Depths:3 | Killed Jory
 55271 | Depths:3 | Identified the Volume of the Frostbite
 55471 | Depths:4 | Paralysed by a floating eye for 2 turns
 55619 | Depths:4 | Noticed Frederick
 55807 | Depths:4 | Gained mutation: You are completely covered in sharp
                  | spines. [demonic ancestry]
 55807 | Depths:4 | Reached XP level 25. HP: 228/228 MP: 23/23
 55959 | Depths:4 | Killed Frederick
 55992 | Depths:4 | Noticed Boris
 56001 | Depths:4 | Killed Boris
 56417 | Depths:5 | Entered Level 5 of the Depths
 56429 | Depths:5 | Reached skill level 10 in Stealth
 56751 | Depths:5 | Noticed Boris
 56767 | Depths:5 | Killed Boris
 56858 | Depths:5 | Found a shattered altar of Ashenzari.
 56919 | Depths:5 | Noticed a juggernaut
 56926 | Depths:5 | Killed a juggernaut
 57210 | Depths:5 | Found a gate to the Realm of Zot.
 57491 | Hell     | Entered the Vestibule of Hell
 57491 | Hell     | Noticed Geryon
 57509 | Hell     | Killed Geryon
 58075 | Hell     | Found a gateway to the Iron City of Dis.
 58126 | Hell     | Found a gateway to the ashen valley of Gehenna.
 58346 | Hell     | Found a gateway to the decaying netherworld of Tartarus.
 58449 | Hell     | Found a gateway to the freezing wastes of Cocytus.
 58801 | Vaults:5 | Entered Level 5 of the Vaults
 58837 | Vaults:5 | Reached skill level 20 in Fighting
 58914 | Vaults:5 | Gained mutation: A frigid envelope surrounds you and
                  | freezes all who hurt you. [demonic ancestry]
 58914 | Vaults:5 | Reached XP level 26. HP: 191/239 MP: 23/23
 59555 | Vaults:5 | Noticed an ancient lich
 59564 | Vaults:5 | Killed an ancient lich
 59672 | Vaults:5 | Noticed an ancient lich
 59683 | Vaults:5 | Killed an ancient lich
 60574 | Vaults:5 | Found Zanotusm's Antique Armour Shoppe.
 60601 | Vaults:5 | Got a silver rune of Zot
 60751 | Vaults:5 | Found Jiur's Food Shop.
 61051 | Vaults:5 | Bought the -2 hat of the Alchemist {rElec rPois rF+ rC+ rN+
                  | MR+ rMut rCorr} for 1699 gold pieces
 61051 | Vaults:5 | Found the -2 hat of the Alchemist {rElec rPois rF+ rC+ rN+
                  | MR+ rMut rCorr}
 61052 | Vaults:5 | Bought a manual of Fighting for 2870 gold pieces
 61142 | Vaults:4 | Bought a +2 cloak of magic resistance for 430 gold pieces
 61954 | Zot:1    | Entered Level 1 of the Realm of Zot
 61954 | Zot:1    | Found a transporter.
 61954 | Zot:1    | Noticed Sofait's ghost (legendary GnFE)
 61988 | Zot:1    | Mutation became permanent: You are surrounded by a moderate
                  | repulsion field. (EV +3) [demonic ancestry]
 61988 | Zot:1    | Gained mutation: You are surrounded by a strong repulsion
                  | field. (EV +4, RMsl) [demonic ancestry]
 61988 | Zot:1    | Reached XP level 27. HP: 215/249 MP: 20/23
 61993 | Zot:1    | Reached skill level 21 in Fighting
 62390 | Zot:1    | Got a shimmering steel ring
 62391 | Zot:1    | Identified the ring of Wolyvvu {+Fly rPois rN+ Dex+4} (You
                  | found it on level 1 of the Realm of Zot)
 62393 | Zot:1    | Got a brightly glowing dagger
 62394 | Zot:1    | Identified the +7 dagger of Moral Flaws {venom, Dex+4
                  | Stlth+} (You found it on level 1 of the Realm of Zot)
 62543 | Zot:1    | Got a coiled emerald amulet
 62603 | Zot:1    | Identified the +4 dragonskin cloak
 62603 | Zot:1    | Noticed Tiamat
 62683 | Zot:1    | Killed Tiamat
 62702 | Zot:1    | Reached skill level 22 in Fighting
 62903 | Zot:1    | Found a transporter.
 63212 | Zot:1    | Identified the amulet of the Komtur {Acrobat rPois rC++ MR+
                  | Dex+4} (You found it on level 1 of the Realm of Zot)
 64263 | Zot:3    | Reached skill level 23 in Fighting
 65417 | Zot:5    | Entered Level 5 of the Realm of Zot
 65935 | Zot:5    | Reached skill level 24 in Fighting
 66036 | Zot:5    | Noticed an ancient lich
 66043 | Zot:5    | Killed an ancient lich
 66266 | Zot:5    | Noticed an orb of fire
 66279 | Zot:5    | Killed an orb of fire
 66303 | Zot:5    | Noticed an ancient lich
 66309 | Zot:5    | Killed an ancient lich
 67039 | Zot:5    | Noticed an orb of fire
 67053 | Zot:5    | Noticed an orb of fire
 67060 | Zot:5    | Killed an orb of fire
 67088 | Zot:5    | Killed an orb of fire
 67088 | Zot:5    | Noticed an ancient lich
 67353 | Zot:5    | Killed an ancient lich
 67472 | Zot:5    | Reached skill level 25 in Fighting
 67874 | Zot:5    | Learned a level 3 spell: Lesser Beckoning
 67877 | Zot:5    | Learned a level 2 spell: Blink
 67879 | Zot:5    | Learned a level 1 spell: Apportation
 68385 | Slime:1  | Entered Level 1 of the Pits of Slime
 68406 | Slime:1  | Reached skill level 1 in Translocations
 69133 | Slime:5  | Entered Level 5 of the Pits of Slime
 69282 | Slime:5  | Reached skill level 5 in Translocations
 69524 | Slime:5  | Reached skill level 1 in Spellcasting
 69615 | Slime:5  | Noticed the Royal Jelly
 69626 | Slime:5  | Killed the Royal Jelly
 69651 | Slime:5  | Found the +8 orange crystal plate armour {Archmagi, Int+3
                  | Clar}
 69729 | Slime:5  | Identified the Handbook of the Rocks and Beguiling
 69762 | Slime:5  | Got a slimy rune of Zot
 70414 | Hell     | Bought a scroll of fear for 77 gold pieces
 70414 | Hell     | Bought a scroll of teleportation for 66 gold pieces
 70452 | Geh:1    | Entered Level 1 of Gehenna
 71377 | Geh:1    | Lost mutation: Your muscles are strong. (Str +2) [mutagenic
                  | glow]
 71427 | Geh:1    | Reached skill level 5 in Spellcasting
 71610 | Geh:1    | Cast into level 2 of the Abyss (reaper)
 71810 | Geh:1    | Escaped the Abyss
 71821 | Geh:1    | Gained mutation: You are clumsy. (Dex -2) [mutagenic glow]
 71848 | Geh:1    | Gained mutation: You are very clumsy. (Dex -4) [mutagenic
                  | glow]
 73093 | Geh:3    | Gained mutation: Scrolls take you a little longer to read.
                  | [mutagenic glow]
 73738 | Geh:4    | Reached skill level 10 in Translocations
 74545 | Geh:7    | Entered Level 7 of Gehenna
 74555 | Geh:7    | Reached skill level 10 in Spellcasting
 75478 | Geh:7    | HP: 11/266 [Brimstone Fiend/damnation (37)]
 75488 | Geh:7    | Killed from afar by a Brimstone Fiend

Skill      XL: |  1  2  3  4  5  6  7  8  9 10 11 12 13 14 15 16 17 18 19 20 21 22 23 24 25 26 27 |
---------------+----------------------------------------------------------------------------------+-----
Long Blades    | 3 4 5 6 7 9 10 12 13 14 15 16 17 18 19 20 21 22 23 24 | 24.0
Armour         | 1 2 3 4 5 7 8 10 11 13 14 15 16 17 18 19 20 21 24 | 24.6
Fighting       | 3 4 5 6 8 9 11 12 13 14 15 16 17 18 19 20 25 | 25.0
Shields        | 1 2 4 |  4.0
Dodging        | 4 7 9 10 11 12 13 14 15 16 17 22 | 22.9
Stealth        | 5 7 8 9 11 12 | 12.9
Translocations | 10 | 10.0
Spellcasting   | 11 | 11.5
Throwing       | |  1.7

Action                   |  1- 3 |  4- 6 |  7- 9 | 10-12 | 13-15 | 16-18 | 19-21 | 22-24 | 25-27 || total
-------------------------+-------+-------+-------+-------+-------+-------+-------+-------+-------++-------
Melee: Long sword        |    95 |   172 |       |   451 |  1423 |  1102 |    13 |       |       ||  3256
       Kick              |    19 |    48 |       |    70 |   623 |   680 |   607 |   402 |  1497 ||  3946
       Falchion          |       |    57 |   493 |   310 |       |       |       |       |       ||   860
       Scimitar          |       |       |       |    10 |       |    70 |       |       |       ||    80
       Triple sword      |       |       |       |       |       |   114 |  1093 |   783 |  2976 ||  4966
       Unarmed           |       |       |       |       |       |       |       |       |     1 ||     1
Throw: Tomahawk          |       |     7 |     7 |       |     1 |       |       |       |       ||    15
       Throwing net      |       |     6 |     4 |     8 |     1 |       |       |       |       ||    19
Invok: Call Merchant     |       |       |       |     1 |     4 |     2 |     2 |       |     5 ||    14
Evoke: Wand              |       |       |       |     4 |     5 |       |       |     3 |       ||    12
  Use: Scroll            |       |     6 |     9 |    11 |    14 |     7 |    13 |    10 |     8 ||    78
       Potion            |       |     5 |     1 |     4 |     3 |       |     2 |     7 |    14 ||    36
 Stab: Held in net/web   |       |     2 |       |     2 |       |       |       |       |       ||     4
       Distracted        |       |       |       |     6 |    11 |     8 |     7 |    17 |    46 ||    95
       Confused          |       |       |       |       |     1 |       |       |       |     1 ||     2
       Petrifying        |       |       |       |       |       |       |       |     1 |       ||     1
  Eat: Chunk             |     2 |    11 |    13 |       |     2 |       |     1 |       |       ||    29
       Ration            |       |       |     2 |     7 |    12 |     9 |    10 |     6 |    20 ||    66
Armor: Leather armour    |    20 |    78 |    49 |       |       |       |       |       |       ||   147
       Chain mail        |       |       |    98 |       |       |       |       |       |       ||    98
       Skin              |       |       |     6 |       |       |       |       |       |       ||     6
       Scale mail        |       |       |    27 |   330 |   345 |       |       |       |       ||   702
       Plate armour      |       |       |       |       |   124 |   566 |   294 |       |       ||   984
       Fire dragon scale |       |       |       |       |       |       |   170 |   170 |       ||   340
       Gold dragon scale |       |       |       |       |       |       |       |   209 |  1439 ||  1648
Dodge: Dodged            |    72 |   198 |   253 |   389 |   706 |   852 |   904 |   593 |  1961 ||  5928
       Deflected         |       |       |       |       |    35 |    88 |    60 |    16 |    78 ||   277
Block: Buckler           |       |       |    65 |   154 |   239 |   260 |       |       |       ||   718
       Rpst.: Long sword |    28 |    50 |       |    53 |   175 |   131 |       |       |       ||   437
       Falchion          |       |     8 |    64 |    55 |       |       |       |       |       ||   127
       Scimitar          |       |       |       |       |       |    13 |       |       |       ||    13
       Triple sword      |       |       |       |       |       |    25 |   195 |   120 |   361 ||   701
